[Event "ICC tourney 2066 (45 10)"]
[Site "Internet Chess Club"]
[Date "2020.10.17"]
[Round "4"]
[White "kaiclc"]
[Black "jy2020"]
[Result "0-1"]
[ICCResult "White resigns"]
[WhiteElo "2015"]
[BlackElo "2230"]
[Opening "Sicilian: Najdorf, Byrne (English) attack"]
[ECO "B90"]
[NIC "SI.14"]
[Time "18:36:15"]
[TimeControl "2700+10"]

1. e4 c5 2. Nc3 d6 3. Nf3 Nf6 4. d4 cxd4 5. Nxd4 a6 6. Be3 e5 7. Nb3 Be6 8.
f3 h5 9. Qd2 Nbd7 10. O-O-O Rc8 11. f4 b5 12. Bd3 Be7 13. Kb1 Qc7 14. f5 Bc4
15. h3 h4 16. Nc1 b4 17. Nd5 Nxd5 18. exd5 a5 19. Bxc4 Qxc4 20. Nb3 Bd8 21.
Qd3 Qxd3 22. Rxd3 Rh5 23. Rf1 Nf6 24. Nd2 Kd7 25. Bg1 Bc7 26. g4 hxg3 27.
Rxg3 Rg8 28. c4 bxc3 29. Rxc3 Nxd5 30. Rg3 Nf6 31. Be3 d5 32. Rfg1 Rxf5 33.
Rxg7 Rxg7 34. Rxg7 Ke6 35. Kc2 Bd6 36. a4 Bb4 37. Nb3 d4 38. Bd2 Rf2 39. Kd3
e4+ 40. Kxd4 Bxd2 41. Nc5+ Ke7 42. Nxe4 Rf4 43. Kd3 Nxe4 44. Rg2 Bb4
{White resigns}
0-1

[Event "ICC tourney 2066 (45 10)"]
[Site "Internet Chess Club"]
[Date "2020.10.17"]
[Round "4"]
[White "chessw23"]
[Black "drberkley"]
[Result "1-0"]
[ICCResult "Black resigns"]
[WhiteElo "1995"]
[BlackElo "1905"]
[Opening "Pirc: Austrian attack, 6.Bd3"]
[ECO "B09"]
[NIC "PU.02"]
[Time "18:36:24"]
[TimeControl "2700+10"]

1. e4 d6 2. d4 Nf6 3. Nc3 g6 4. f4 Bg7 5. Nf3 O-O 6. Bd3 Na6 7. Bxa6 bxa6 8.
O-O Bb7 9. Re1 Rb8 10. h3 e6 11. Qd3 Nd7 12. Be3 Nb6 13. a4 d5 14. e5 Nc4
15. b3 Nxe3 16. Qxe3 Re8 17. Kh1 Bf8 18. Ne2 Rc8 19. g4 c5 20. c3 a5 21. Rg1
Qb6 22. h4 cxd4 23. cxd4 Rc2 24. f5 Ba6 25. Nf4 Rec8 26. fxe6 fxe6 27. Nh5
R8c3 28. Qf4 Rf2 29. Nf6+ Kh8 30. Nxd5 Rcxf3 31. Qxf3 Rxf3 32. Nxb6 axb6 33.
Kg2 Rf4 34. Rad1 Rxg4+ 35. Kh3 Rf4 36. Kg3 Bh6 37. d5 exd5 38. e6 Re4 39.
Rge1 Be2 40. Kf2 Rxe6 41. Rxe2 Rf6+ 42. Kg2 Kg8 43. Rxd5 Bf8 44. Rf2 Rxf2+
45. Kxf2 Kf7 46. Rd7+ Kf6 47. Rxh7 Bc5+ 48. Kf3 Kf5 49. h5 gxh5 50. Rxh5+
Ke6 51. Ke4 Kd6 52. Rh6+ Kc7 53. Kd5 Bf2 54. Rh7+ Kc8 55. Kc6 Kd8 56. Rb7
Kc8 57. Rxb6 Bxb6 58. Kxb6 {Black resigns} 1-0

[Event "ICC tourney 2066 (45 10)"]
[Site "Internet Chess Club"]
[Date "2020.10.17"]
[Round "4"]
[White "checkninja"]
[Black "mopaska1106"]
[Result "1-0"]
[ICCResult "Black resigns"]
[WhiteElo "2024"]
[BlackElo "1950"]
[Opening "Sicilian: Nimzovich-Rossolimo attack (with ...g6, without ...d6)"]
[ECO "B31"]
[NIC "SI.31"]
[Time "18:36:24"]
[TimeControl "2700+10"]

1. e4 c5 2. Nf3 Nc6 3. Bb5 g6 4. Bxc6 bxc6 5. O-O Bg7 6. Re1 Nf6 7. e5 Nd5
8. d3 O-O 9. Nbd2 d6 10. Nc4 Nb6 11. Be3 d5 12. Nxb6 axb6 13. h3 Bb7 14. Qd2
Re8 15. Bh6 Bh8 16. Qf4 Qc7 17. c3 Ba6 18. Re3 Bb5 19. Ng5 f6 20. Qg4 f5 21.
Qh4 e6 22. f4 Ra4 23. b3 Ra7 24. g4 Qc8 25. c4 Ba6 26. Rae1 b5 27. cxd5 cxd5
28. Rc1 d4 29. Re2 Qc6 30. Kh2 Rd7 31. gxf5 exf5 32. e6 Rde7 33. Nxh7 Rxh7
34. Rg1 Bb7 35. Qg5 Ree7 36. Qxg6+ Rhg7 37. Bxg7 Bxg7 38. Reg2 Qc7 39. Rf2
Qd6 40. Qxf5 Qxe6 41. Qxe6+ Rxe6 42. f5 Rf6 43. Rc1 Bf8 44. Kg3 Bd6+ 45. Kg4
Kf7 46. h4 Bf8 47. h5 Bc8 48. a4 b4 49. Re1 Bh6 50. Re5 Be3 51. Rf1 Ba6 52.
Rd1 Bb7 53. Rxc5 Ba6 54. Rc7+ Kf8 55. Rc5 Kg8 56. Re5 Kf7 57. a5 Kf8 58. Re6
Kf7 59. Re5 Kf8 60. Kf3 Kf7 61. Kg4 Kf8 62. Rd5 Kf7 63. Rd7+ Kf8 64. Ra7 Kg8
65. Ra8+ Kf7 66. Rb8 Kg7 67. Rxb4 {Black resigns} 1-0

[Event "ICC tourney 2066 (45 10)"]
[Site "Internet Chess Club"]
[Date "2020.10.17"]
[Round "4"]
[White "marble"]
[Black "GGuseinov"]
[Result "1/2-1/2"]
[ICCResult "Game drawn because neither player has mating material"]
[WhiteElo "2538"]
[BlackElo "2711"]
[Opening "Sicilian: accelerated fianchetto, Gurgenidze variation"]
[ECO "B36"]
[NIC "SI.33"]
[Time "18:36:16"]
[TimeControl "2700+10"]

1. e4 c5 2. Nf3 g6 3. d4 cxd4 4. Nxd4 Nc6 5. c4 Nf6 6. Nc3 Nxd4 7. Qxd4 d6
8. c5 Bg7 9. Bb5+ Bd7 10. Bxd7+ Qxd7 11. cxd6 O-O 12. O-O Ne8 13. Qd3 Qxd6
14. Qf3 Nf6 15. Rd1 Qe6 16. h3 Rac8 17. Be3 a6 18. e5 Qxe5 19. Qxb7 Qe6 20.
Qb3 Qxb3 21. axb3 Rc6 22. b4 Rb8 23. Bc5 Bf8 24. Nd5 Nxd5 25. Rxd5 e6 26.
Rd2 Bxc5 27. bxc5 Rb5 28. Rc2 Rcxc5 29. Rxc5 Rxc5 30. Rxa6 Rc1+ 31. Kh2 Rc2
32. Kg3 Rxb2 33. h4 Kg7 34. Kf3 Rb3+ 35. Ke2 h6 36. g3 Kf6 37. Ra5 Rc3 38.
Rb5 Ra3 39. Rc5 Ra4 40. Ke3 Ra1 41. Ke2 Ra7 42. Ke3 Rd7 43. Rb5 Rd5 44. Rb7
Ra5 45. Rc7 e5 46. Rc6+ Kf5 47. h5 Ra3+ 48. Ke2 gxh5 49. Rxh6 Kg5 50. Rh7 f6
51. Rg7+ Kf5 52. Rh7 Kg4 53. Rh6 Kg5 54. Rh8 e4 55. Rg8+ Kf5 56. Rg7 h4 57.
gxh4 Rh3 58. Rh7 Kf4 59. h5 Rh2 60. h6 e3 61. Rf7 Rxf2+ 62. Ke1 f5 63. h7
Rh2 64. Kf1 Ke4 65. Kg1 Rh4 66. Kg2 f4 67. Re7+ Kd3 68. Kf3 Kd2 69. Rd7+ Ke1
70. Ra7 Kd1 71. Rd7+ Kc2 72. Rc7+ Kd2 73. Rd7+ Kc3 74. Rc7+ Kd4 75. Re7 Kc3
76. Rc7+ Kd3 77. Rd7+ Kc4 78. Re7 Kd4 79. Rd7+ Ke5 80. Rf7 Rh3+ 81. Kg2 Rh6
82. Kf3 Rh4 83. Ra7 Ke6 84. Rb7 Ke5 85. Re7+ Kf5 86. Ra7 Rh3+ 87. Kg2 e2 88.
Re7 Rxh7 89. Rxe2 Kg4 90. Ra2 f3+ 91. Kg1 Kg3 92. Rg2+ Kf4 93. Rg8 Rh4 94.
Kf2 Rh2+ 95. Kf1 Rg2 96. Rxg2 fxg2+ 97. Kxg2
{Game drawn because neither player has mating material}
1/2-1/2

[Event "ICC tourney 2066 (45 10)"]
[Site "Internet Chess Club"]
[Date "2020.10.17"]
[Round "4"]
[White "GeorgeDai"]
[Black "espark"]
[Result "0-1"]
[ICCResult "White resigns"]
[WhiteElo "1958"]
[BlackElo "2315"]
[Opening "QGD: 4.Nf3"]
[ECO "D37"]
[NIC "QI.01"]
[Time "18:36:12"]
[TimeControl "2700+10"]

1. d4 Nf6 2. Nf3 e6 3. c4 d5 4. Nc3 Be7 5. cxd5 exd5 6. Bg5 c6 7. Qc2 g6 8.
e3 Bf5 9. Bd3 Bxd3 10. Qxd3 O-O 11. Ne5 Nfd7 12. Bxe7 Qxe7 13. Nxd7 Nxd7 14.
O-O Nb6 15. Qc2 Nc4 16. b3 Nd6 17. Na4 Rfe8 18. Nc5 Qg5 19. Qe2 Re7 20. Nd3
Rae8 21. Qf3 Qh6 22. Rac1 g5 23. g3 f6 24. Rfd1 Qg6 25. h3 h5 26. Qg2 Qf5
27. Rc3 Rg7 28. Kh2 Kh8 29. Rc2 Reg8 30. Re2 Ne4 31. Ree1 Nd6 32. Rg1 Kh7
33. Qf1 h4 34. g4 Qg6 35. Qe2 Ne4 36. Qf3 Rf8 37. Rg2 Rgf7 38. Kg1 Kh8 39.
Rh2 Qh7 40. Rg2 Rg8 41. Rc1 Nd6 42. Qe2 Re7 43. Qc2 Qf7 44. Kh1 a6 45. Kg1
Rge8 46. Kh2 Ne4 47. Rcg1 Qe6 48. Kh1 Qd6 49. Rc1 Rf8 50. Kg1 Ref7 51. Qe2
Qe6 52. Rf1 Rg7 53. Rc1 Rh7 54. Rf1 Nd6 55. Rd1 Nb5 56. Qc2 Rg7 57. Rf1 Nd6
58. Qe2 Ne4 59. Rc1 f5 60. gxf5 Qxf5 61. Qg4 Qf6 62. Rc2 Nd6 63. Ne5 Nf5 64.
Kh2 Kg8 65. Rc1 Nh6 66. Qe2 Nf7 67. Nxf7 Rfxf7 68. Rcg1 Qf3 69. Qxf3 Rxf3
70. Rc1 Kf7 71. Rc2 Ke6 72. Rg1 Kf5 73. Kg2 Ke4 74. Rd2 g4 75. hxg4 Rxg4+
76. Kf1 Rxg1+ 77. Kxg1 h3 78. b4 Rf7 79. Kh2 Rh7 80. a3 Kf3 81. a4 b5 82. a5
Rh6 83. Rc2 Rg6 84. Kh1 Ke4 85. Rd2 Rg2 86. Rc2 Rg6 87. Rd2 Rh6 88. Kh2 Kf3
89. Rc2 Re6 90. Rb2 Rf6 91. Rc2 Rh6 92. Rb2 Rg6 93. Kh1 Rg2 94. Rc2 Rxf2 95.
Rxc6 Kxe3 96. Rxa6 Kxd4 97. Rh6 Kc4 98. Rh4+ Kc3 99. Rxh3+ Kxb4 100. Kg1 Rf6
101. Rh5 Kc4 102. Rh2 b4 103. Rh8 Kb5 104. Ra8 d4 105. Rd8 Kc4 106. Rc8+ Kb5
107. Rd8 Kxa5 108. Rxd4 Ka4 109. Rg4 Ka3 110. Rg8 b3 111. Ra8+ Kb2 112. Kg2
Kb1 113. Rb8 b2 114. Rc8 Ra6 {White resigns} 0-1

[Event "ICC tourney 2066 (45 10)"]
[Site "Internet Chess Club"]
[Date "2020.10.17"]
[Round "5"]
[White "TjkTiger"]
[Black "AJM04"]
[Result "1-0"]
[ICCResult "Black resigns"]
[WhiteElo "2601"]
[BlackElo "2057"]
[Opening "English opening"]
[ECO "A16"]
[NIC "EO.64"]
[Time "21:02:22"]
[TimeControl "2700+10"]

1. c4 Nf6 2. Nc3 c6 3. d4 d5 4. cxd5 cxd5 5. Bf4 Nc6 6. e3 e6 7. Bd3 a6 8.
Rc1 Bd6 9. Bxd6 Qxd6 10. f4 Bd7 11. Nf3 O-O 12. O-O Rac8 13. Ne5 Be8 14. Rf3
Nd7 15. Bxh7+ {Black resigns} 1-0

[Event "ICC tourney 2066 (45 10)"]
[Site "Internet Chess Club"]
[Date "2020.10.17"]
[Round "5"]
[White "Monkeybomb3605"]
[Black "Chessking2008"]
[Result "0-1"]
[ICCResult "White resigns"]
[WhiteElo "2029"]
[BlackElo "2187"]
[Opening "Sicilian: dragon, Yugoslav attack, 10.O-O-O"]
[ECO "B78"]
[NIC "SI.18"]
[Time "21:01:37"]
[TimeControl "2700+10"]

1. e4 c5 2. Nf3 d6 3. d4 cxd4 4. Nxd4 Nf6 5. Nc3 g6 6. Be3 Bg7 7. f3 O-O 8.
Qd2 Nc6 9. Bc4 Bd7 10. O-O-O Ne5 11. Bb3 Rc8 12. Kb1 Nc4 13. Bxc4 Rxc4 14.
g4 b5 15. b3 b4 16. Nce2 Rc8 17. Ng3 Qa5 18. h4 Qa3 19. Qc1 Qxc1+ 20. Kxc1
Rc7 21. h5 Rfc8 22. Rd2 Rc3 23. Nf1 a5 24. hxg6 fxg6 25. Ne2 R3c7 26. g5 Nh5
27. Bd4 Rf8 28. Bxg7 Nxg7 29. Nh2 Ne6 30. Rg1 Rc5 {White resigns} 0-1

[Event "ICC tourney 2066 (45 10)"]
[Site "Internet Chess Club"]
[Date "2020.10.17"]
[Round "5"]
[White "funplaychess"]
[Black "marble"]
[Result "0-1"]
[ICCResult "White resigns"]
[WhiteElo "2330"]
[BlackElo "2539"]
[Opening "Modern defense"]
[ECO "A40"]
[NIC "QO.17"]
[Time "21:01:26"]
[TimeControl "2700+10"]

1. d4 g6 2. c4 Bg7 3. Nc3 c5 4. d5 d6 5. e4 e6 6. Nf3 exd5 7. exd5 Bg4 8.
Be2 Ne7 9. O-O O-O 10. Bg5 h6 11. Bh4 g5 12. Bg3 f5 13. h3 Bxf3 14. Bxf3 f4
15. Bh2 Nd7 16. Bg4 Ne5 17. Be6+ Kh8 18. Ne4 f3 19. Rc1 fxg2 20. Kxg2 N7g6
21. Kh1 Qe7 22. Rg1 Rf3 23. Nxd6 Qxd6 24. Qxf3 Qxe6 25. Qh5 Qf5 26. Rcd1
Qe4+ 27. f3 Nxf3 28. Qg4 Qe2 29. Qg2 Nxg1 30. Rxg1 Re8 {White resigns} 0-1

[Event "ICC tourney 2066 (45 10)"]
[Site "Internet Chess Club"]
[Date "2020.10.17"]
[Round "5"]
[White "guineapig25"]
[Black "helavir"]
[Result "0-1"]
[ICCResult "White resigns"]
[WhiteElo "2020"]
[BlackElo "2625"]
[Opening "Caro-Kann defense"]
[ECO "B15"]
[NIC "CK.05"]
[Time "21:01:37"]
[TimeControl "2700+10"]

1. e4 c6 2. d4 d5 3. Nc3 a6 4. Nf3 Bg4 5. Bd3 e6 6. O-O Nf6 7. Re1 Be7 8. e5
Nfd7 9. h3 Bh5 10. Bf4 c5 11. Bf1 cxd4 12. Ne2 Bxf3 13. gxf3 Bb4 14. c3 dxc3
15. bxc3 Bc5 16. Qb3 Nc6 17. Nd4 Nxd4 18. cxd4 Bxd4 19. Rad1 Bb6 20. Rxd5
exd5 21. e6 Nc5 22. Qb2 fxe6 23. Qxg7 Rf8 24. Bg5 Qd7 {White resigns} 0-1

[Event "ICC tourney 2066 (45 10)"]
[Site "Internet Chess Club"]
[Date "2020.10.17"]
[Round "5"]
[White "mrlammy"]
[Black "GeorgeDai"]
[Result "1/2-1/2"]
[ICCResult "Game drawn by mutual agreement"]
[WhiteElo "1732"]
[BlackElo "1946"]
[Opening "Queen's pawn: London system"]
[ECO "A45"]
[NIC "QP.07"]
[Time "21:01:55"]
[TimeControl "2700+10"]

1. d4 Nf6 2. Bf4 g6 3. e3 Bg7 4. Nf3 d6 5. c4 O-O 6. Nc3 c5 7. dxc5 dxc5 8.
Qxd8 Rxd8 9. Be2 Nc6 10. O-O Nh5 11. Rfd1 Nxf4 12. Rxd8+ Nxd8 13. exf4 Nc6
14. Rd1 Bf5 15. h3 h5 16. Nh4 Be6 17. f5 gxf5 18. Bxh5 Rd8 19. Rxd8+ Nxd8
20. Be2 Nc6 21. Nf3 Nd4 22. Nxd4 cxd4 23. Nd5 Kf8 24. Kf1 Bd7 25. Ke1 e6 26.
Nf4 Ke7 27. Bf3 b6 28. Nd3 e5 29. Bd5 e4 30. Nf4 Be5 31. g3 d3 32. b3 a5 33.
h4 a4 34. Kd2 axb3 35. axb3 Bd4 36. f3 Bf2 37. Nh5 f4 38. Nxf4 Bxg3 39. Nh5
Bxh4 40. Bxe4 f5 41. Bxd3 Bg5+ 42. f4 Bh4 43. Ke3 Kf7 44. Be2 Kg6 45. b4 Be1
46. b5 Be6 47. Kd4 Bf7 48. Ke5 Bc3+ 49. Kd6 Bxc4 50. Bxc4 Kxh5 51. Be2+ Kg6
52. Ke6 Bd2 53. Ke5 Bc3+ 54. Ke6 Bd2 55. Bd3 Bxf4 56. Bxf5+ Kg5
{Game drawn by mutual agreement}
1/2-1/2

[Event "ICC tourney 2066 (45 10)"]
[Site "Internet Chess Club"]
[Date "2020.10.17"]
[Round "5"]
[White "IAlwaysWin"]
[Black "chessw23"]
[Result "0-1"]
[ICCResult "White resigns"]
[WhiteElo "1947"]
[BlackElo "1997"]
[Opening "Nimzovich-Larsen attack: classical variation"]
[ECO "A01"]
[NIC "VO.08"]
[Time "21:02:22"]
[TimeControl "2700+10"]

1. b3 d5 2. Bb2 Nf6 3. g3 e6 4. Bg2 c5 5. e3 Nc6 6. Nf3 Bd6 7. Na3 a6 8. c4
h6 9. Rc1 d4 10. exd4 cxd4 11. O-O O-O 12. Nc2 e5 13. d3 Re8 14. Re1 Bf5 15.
a3 a5 16. Qd2 Qb6 17. Rb1 Qxb3 18. Red1 Qa4 19. Bc1 Rab8 20. h3 b5 21. g4
Bd7 22. g5 hxg5 23. cxb5 Na7 24. b6 Nb5 25. Re1 Rxb6 26. Nxg5 Reb8 27. Ne4
Nxe4 28. Bxe4 Nc3 29. Rxb6 Rxb6 30. Kh1 Qb3 31. Bf3 Qe6 32. Bg4 Bc6+ 33. Kg1
Qg6 34. Qg5 Qxg5 35. Bxg5 Bb5 36. f4 f6 37. Bh4 Bxd3 38. fxe5 Bxe5 39. Rc1
Bf4 {White resigns} 0-1

[Event "ICC tourney 2066 (45 10)"]
[Site "Internet Chess Club"]
[Date "2020.10.17"]
[Round "5"]
[White "GGuseinov"]
[Black "jy2020"]
[Result "1-0"]
[ICCResult "Black checkmated"]
[WhiteElo "2717"]
[BlackElo "2220"]
[Opening "Sicilian: closed"]
[ECO "B23"]
[NIC "SI.44"]
[Time "21:01:30"]
[TimeControl "2700+10"]

1. e4 c5 2. Nc3 d6 3. Bb5+ Bd7 4. Bxd7+ Qxd7 5. d4 cxd4 6. Qxd4 Nc6 7. Qd3
g6 8. Nf3 Bg7 9. O-O Nf6 10. Nd5 O-O 11. Bg5 Ne8 12. e5 Rd8 13. Rad1 f6 14.
exf6 Nxf6 15. Bxf6 Bxf6 16. Rfe1 Bg7 17. Qe4 Rde8 18. Ng5 Qf5 19. Qh4 h6 20.
Ne6 Rf7 21. Nxg7 Kxg7 22. Nc7 Rg8 23. Rd5 e5 24. Nb5 g5 25. Qg3 Rgf8 26. Rd2
Rd7 27. Nxd6 Qe6 28. Ne4 Rxd2 29. Nxd2 Rf4 30. Nb3 Qc4 31. c3 Re4 32. Rd1
Qd5 33. Qf3 g4 34. Qxg4+ Rxg4 35. Rxd5 Rf4 36. Na5 Ra4 37. Nxc6 Rxa2 38. g4
bxc6 39. Rxe5 Rxb2 40. Re7+ Kg6 41. Rxa7 Rb3 42. Kg2 Rxc3 43. f3 h5 44. Re7
hxg4 45. fxg4 Kg5 46. h3 Rc2+ 47. Kf3 Rc3+ 48. Re3 Rc1 49. Re5+ Kf6 50. Rf5+
Kg6 51. Kg3 c5 52. Kh4 c4 53. Rc5 c3 54. Rc6+ Kf7 55. Kg5 c2 56. h4 Ke7 57.
h5 Kd7 58. Rc3 Ke6 59. h6 Kf7 60. Rc7+ Ke6 61. h7 Rh1 62. Kg6 c1=Q 63. Rxc1
Rxc1 64. h8=Q Rc5 65. Qe8+ Kd6 66. Qf8+ Kc6 67. Qxc5+ Kxc5 68. g5 Kd6 69.
Kf6 Kd7 70. g6 Ke8 71. g7 Kd7 72. g8=Q Kc7 73. Ke6 Kb6 74. Qc8 Kb5 75. Kd5
Kb4 76. Qc2 Ka3 77. Qb1 Ka4 78. Kc5 Ka3 79. Kc4 Ka4 80. Qa1# {Black
checkmated} 1-0

[Event "ICC tourney 2066 (45 10)"]
[Site "Internet Chess Club"]
[Date "2020.10.17"]
[Round "5"]
[White "kaiclc"]
[Black "tcao"]
[Result "1/2-1/2"]
[ICCResult "Game drawn by mutual agreement"]
[WhiteElo "2025"]
[BlackElo "2058"]
[Opening "French: classical, Steinitz variation"]
[ECO "C14"]
[NIC "FR.06"]
[Time "21:01:27"]
[TimeControl "2700+10"]

1. e4 e6 2. d4 d5 3. Nc3 Nf6 4. Bg5 Be7 5. e5 Nfd7 6. Bxe7 Qxe7 7. f4 O-O 8.
Bd3 c5 9. Nf3 Nc6 10. Bxh7+ Kxh7 11. Ng5+ Kg6 12. Qd3+ f5 13. Qh3 Nf6 14.
exf6 gxf6 15. Nf3 Nxd4 16. O-O-O Bd7 17. Nxd4 cxd4 18. Rxd4 Rh8 19. Qe3 Kf7
20. Re1 Rae8 21. h3 Rhg8 22. g4 fxg4 23. hxg4 Rxg4 24. Qh3 f5 25. Rxd5 exd5
26. Rxe7+ Rxe7 27. Nxd5 Re1+ 28. Kd2 Re4 29. Qh7+ Rg7 30. Qh1 Bc6 31. Qh5+
Ke6 32. Qh6+ Kf7 33. Qf6+ Kg8 34. Qd8+ Kf7 35. Qc7+ Kg6 36. Qd6+ Kf7
{Game drawn by mutual agreement}
1/2-1/2

[Event "ICC tourney 2066 (45 10)"]
[Site "Internet Chess Club"]
[Date "2020.10.17"]
[Round "5"]
[White "Brian6712"]
[Black "IndianTerritory"]
[Result "0-1"]
[ICCResult "White checkmated"]
[WhiteElo "2038"]
[BlackElo "2089"]
[Opening "Caro-Kann: exchange variation"]
[ECO "B13"]
[NIC "CK.02"]
[Time "21:01:30"]
[TimeControl "2700+10"]

1. e4 c6 2. d4 d5 3. exd5 cxd5 4. Bd3 Nf6 5. Ne2 Nc6 6. O-O Bd7 7. c3 e5 8.
dxe5 Nxe5 9. Bc2 Bd6 10. Ng3 O-O 11. Nd2 Bg4 12. f3 Bd7 13. Nb3 Nc4 14. Rb1
Re8 15. Bd3 Qc7 16. Bg5 Ne3 17. Bxe3 Rxe3 18. Re1 Ree8 19. Nf1 Qb6+ 20. Kh1
Rxe1 21. Qxe1 Re8 22. Qd2 Ba4 23. Nd4 Be5 24. Re1 g6 25. Bb1 Kg7 26. Ng3
Bxd4 27. Rxe8 Bxe8 28. cxd4 Bb5 29. h4 Qd6 30. Qg5 Bd7 31. Ne2 Qb4 32. Qc1
Bb5 33. Nc3 Ba6 34. Qd2 Qd6 35. Qg5 Qb6 36. Qd2 Qd6 37. Qg5 Qb6 38. Qd2 Nh5
39. Nxd5 Ng3+ 40. Kg1 Qd8 41. Nf4 Qxh4 42. Nh3 Ne2+ 43. Kh1 Qxd4 44. Qxd4+
Nxd4 45. Kg1 f5 46. Kf2 Ne6 47. Bc2 Kf6 48. Ke3 Bf1 49. Kf2 Bc4 50. b3 Bd5
51. Ke3 Ke5 52. Nf2 Nf4 53. g3 Ng2+ 54. Ke2 Bxf3+ 55. Kd2 Be4 56. Bxe4 fxe4
57. Ke2 Kd4 58. Nd1 h5 59. Kf2 e3+ 60. Kf1 h4 61. Nb2 h3 62. Nd1 h2 63. Kxg2
e2 64. Nf2 e1=Q 65. a3 Qxf2+ 66. Kxf2 h1=Q 67. Ke2 Qg2+ 68. Kd1 Kd3 69. Kc1
Qc2# {White checkmated} 0-1

[Event "ICC tourney 2066 (45 10)"]
[Site "Internet Chess Club"]
[Date "2020.10.17"]
[Round "5"]
[White "mopaska1106"]
[Black "drberkley"]
[Result "0-1"]
[ICCResult "White resigns"]
[WhiteElo "1943"]
[BlackElo "1936"]
[Opening "King's Indian: Makagonov system (5.h3)"]
[ECO "E71"]
[NIC "KI.20"]
[Time "21:01:37"]
[TimeControl "2700+10"]

1. d4 Nf6 2. c4 g6 3. Nc3 Bg7 4. e4 d6 5. h3 O-O 6. Nf3 c5 7. d5 b5 8. cxb5
a6 9. b6 Qxb6 10. Bd3 a5 11. O-O Ba6 12. a4 Bxd3 13. Qxd3 Na6 14. Nb5 Nb4
15. Qe2 Rac8 16. Be3 Nxe4 17. Rfd1 Nf6 18. Nc3 Qb7 19. Qd2 Rb8 20. Rab1 Rfc8
21. Bh6 Qd7 22. Nh4 Qe8 23. Qg5 Bxh6 24. Qxh6 c4 25. Nf3 Rc5 26. Rd4 Qf8 27.
Qd2 Rb7 28. Nh2 Qg7 29. Nf1 Nd7 30. Ne3 Rbc7 31. Nb5 Rc8 32. Rc1 Nb6 33. Re4
Nxa4 34. Nc3 Nxc3 35. Rxc3 Qf8 36. Rexc4 Rxc4 37. Rxc4 Rxc4 38. Nxc4 Qd8 39.
Qd4 Qc7 40. h4 Qc5 41. Qxc5 dxc5 42. Nxa5 Nxd5 43. Nb7 c4 44. Na5 c3 45.
bxc3 Nxc3 46. g3 f5 47. Nc6 Kf7 48. Kg2 Kf6 49. Nb4 e5 50. Nc2 e4 51. Ne3
Ke6 52. Kf1 Ke5 53. Ke1 Kd4 54. Kd2 Nb5 55. Nc2+ Ke5 56. Ne3 Nd4 57. Nc4+
Kd5 58. Ne3+ Ke6 59. Ng2 Ke5 60. Nf4 Ne6 61. Ng2 f4 62. Ne1 Kf5 63. Ke2 fxg3
64. fxg3 Kg4 65. Kf2 Nc5 66. Nc2 Nd3+ 67. Kg2 Kf5 68. Ne3+ Ke5 69. Nc2 Kd5
70. Kf1 Ne5 71. Ke2 Ng4 72. Ne1 Kd4 73. Ng2 Ke5 74. Nf4 Kf5 75. Nh3 Nf6 76.
Nf2 Nd5 77. Kf1 e3 78. Nd1 Kg4 79. Kg2 e2 80. Nf2+ Kf5 81. Nd3 Ke4 82. Ne1
Ke3 83. Kg1 Nb4 84. Ng2+ Kd2 85. Kf2 Nd3+ 86. Kf3 Ne1+ {White resigns} 0-1